 Dungeon Crawl Stone Soup version 0.21.1-1-g345015f (webtiles) character file.

44 Mirai the Magician (level 3, -1/19 HPs)
             Began as a Deep Elf Conjurer on Mar 30, 2018.
             Slain by an orc
             ... wielding a +3 flail
              (6 damage)
             ... on level 1 of the Dungeon.
             The game lasted 00:03:17 (1202 turns).

Mirai the Magician (Deep Elf Conjurer)              Turns: 1202, Time: 00:03:17

Health: -1/19      AC:  2    Str:  5    XL:     3   Next: 39%
Magic:  3/11       EV: 13    Int: 20    God:
Gold:   49         SH:  0    Dex: 15    Spells: 9/12 levels left

rFire    . . .     SeeInvis .   h - +0 dagger (venom)
rCold    . . .     Gourm    .   (no shield)
rNeg     + . .     Faith    .   a - +0 robe
rPois    .         Spirit   .   (no helmet)
rElec    .         Reflect  .   (no cloak)
rCorr    .         Harm     .   (no gloves)
MR       .....                  (no boots)
Stlth    ++........             (no amulet)
HPRegen  0.06/turn              l - ring of positive energy
MPRegen  0.12/turn              (no ring)

@: no status effects
A: no striking features
a: no special abilities


You were on level 1 of the Dungeon.
You were hungry.

You visited 1 branch of the dungeon, and saw 2 of its levels.

You collected 49 gold pieces.

Inventory:

Hand Weapons
 g - a +0 dagger of venom
 h - a +0 dagger of venom (weapon)
Armour
 a - a +0 robe (worn)
Jewellery
 l - a ring of positive energy (left hand)
Scrolls
 e - a scroll of identify {unknown}
 i - a scroll of blinking {unknown}
 k - a scroll of noise {unknown}
 o - a scroll of enchant weapon {unknown}
 p - 3 scrolls of teleportation {unknown}
Potions
 d - a potion of haste {unknown}
 f - a potion of mutation {unknown}
 m - a potion of curing {unknown}
 n - a potion of might {unknown}
Books
 b - a book of Conjurations

   Spells                             Type                      Level
   a - Magic Dart                     Conjuration                  1
   b - Searing Ray                    Conjuration                  2
   c - Dazzling Spray                 Conjuration/Hexes            3
   d - Fulminant Prism                Conjuration/Hexes            4
   e - Force Lance                    Conjuration/Translocation    4
   f - Iskenderun's Mystic Blast      Conjuration                  4
Comestibles
 c - 4 rations


   Skills:
 + Level 0.3 Short Blades
 - Level 2.4 Dodging
 - Level 2.4 Stealth
 + Level 0.2 Unarmed Combat
 + Level 5.1 Spellcasting
 - Level 4.3 Conjurations


You had 9 spell levels left.
You knew the following spells:

 Your Spells              Type           Power        Failure   Level  Hunger
a - Magic Dart            Conj           ###.         1%          1    None
b - Searing Ray           Conj           ###...       2%          2    None


Dungeon Overview and Level Annotations

Branches:
Dungeon (2/15)

Altars:


Message History

The orc hits you with an enchanted flail.
You barely miss the orc.
The orc is severely wounded.
The orc closely misses you.
You climb upwards.
There is a stone staircase leading down here.
Unknown command.
You hit the orc but do no damage.
The orc is severely wounded.
The orc hits you with an enchanted flail.
* * * LOW HITPOINT WARNING * * *
You completely miss the orc.
The orc is heavily wounded.
The orc barely misses you.
You closely miss the orc.
The orc is heavily wounded.
You hit the orc but do no damage.
The orc is poisoned.
The orc is heavily wounded.
The orc hits you with an enchanted flail.
You die...

####+###.#.#.#.#......# #.....#
.......#.#.#.#.#......#########.#
.......'........).....'..........
.......#.#.#.#........#########..
.......#÷#.#.##..#..#############
.......#.#.#................)....
.......#.#.......#..#############
.......'.#..........####.....†...
.......###..####@#..##.......###.
.......# #......o................
######## ###.................###.
######.#.............## #. ####
#X#*##'###.........#.# #.
*#D#########...###.##...#.#.####.
####≈#^#.....>.#^#.######.#......
...#####.###...###......#.#####..
##.......#D##+###..####.#.# #..


You could see an orc.

Vanquished Creatures
  A dart slug (D:1)
  2 leopard geckos
  2 orcs (D:2)
  2 ball pythons (D:2)
  A giant cockroach (D:1)
  3 goblins (D:1)
  2 hobgoblins
  6 jackals (D:1)
  6 bats
  2 frilled lizards (D:1)
  3 kobolds (D:1)
  4 rats (D:1)
34 creatures vanquished.

Notes
Turn   | Place    | Note
-------+----------+-------------------------------------------
     0 | D:1      | Mirai the Deep Elf Conjurer began the quest for the Orb.
     0 | D:1      | Reached XP level 1. HP: 10/10 MP: 6/6
     0 | D:1      | Noticed a large abomination
     0 | D:1      | Noticed a red draconian
     1 | D:1      | Noticed a tentacled monstrosity
     3 | D:1      | Noticed an ice dragon
     7 | D:1      | Noticed an ice dragon
     8 | D:1      | Noticed an ice dragon
    10 | D:1      | Noticed an iron dragon
    12 | D:1      | Noticed an orb of fire
    12 | D:1      | Noticed a shadow dragon
    14 | D:1      | Noticed an ice dragon
    14 | D:1      | Noticed an orb of fire
    16 | D:1      | Noticed an ice dragon
    16 | D:1      | Noticed a tentacled monstrosity
    18 | D:1      | Noticed a tentacled monstrosity
    18 | D:1      | Noticed a shadow dragon
    21 | D:1      | Noticed an orb of fire
    21 | D:1      | Noticed a large abomination
    92 | D:1      | Reached XP level 2. HP: 8/15 MP: 0/8
   186 | D:1      | Reached skill level 4 in Spellcasting
   546 | D:1      | Learned a level 2 spell: Searing Ray
   860 | D:1      | Reached XP level 3. HP: 11/19 MP: 7/11
  1137 | D:2      | Reached skill level 5 in Spellcasting
  1202 | D:1      | Slain by an orc

Skill      XL: |  1  2  3 |
---------------+----------+-----
Spellcasting   | 4 5 |  5.1
Short Blades   | |  0.3
Dodging        | |  2.4
Stealth        | |  2.4
Unarmed Combat | |  0.2
Conjurations   | |  4.3

Action                   || total
-------------------------++-------
Melee: Unarmed           ||    10
       Dagger            ||    26
       Hand axe          ||     6
 Cast: Magic Dart        ||    49
       Searing Ray       ||     3
Armor: Robe              ||    15
Dodge: Dodged            ||    66
